 Dungeon Crawl Stone Soup version 0.19-a0-981-gaae9137 (webtiles) character file.

4067 Gagarin the Blocker (level 10, -5/80 HPs)
             Began as a Formicid Fighter on July 14, 2016.
             Was a Priest of the Shining One.
             Slain by a hill giant
             ... wielding a +0 giant club
              (31 damage)
             ... on level 10 of the Dungeon.
             The game lasted 00:17:46 (8520 turns).

Gagarin the Blocker (Formicid Fighter)              Turns: 8520, Time: 00:17:46

Health: -5/80      AC: 19    Str: 24    XL:     10   Next: 49%
Magic:  10/10      EV:  8    Int:  8    God:    the Shining One [***...]
Gold:   530        SH: 11    Dex: 10    Spells: 0 memorised, 9 levels left

rFire  . . .     SeeInvis +     K - +0 battleaxe
rCold  . . .     Gourm    .     L - +0 plate armour
rNeg   + . .     Faith    .     c - +0 shield
rPois  +         Spirit   .     (helmet unavailable)
rElec  .         Dismiss  .     (no cloak)
rCorr  .         Reflect  .     (no gloves)
SustAt .         Harm     .     p - +0 pair of boots
MR     +....                    (no amulet)
Stlth  ..........               k - +5 ring of protection
                                d - ring of poison resistance

@: glowing, somewhat resistant to hostile enchantments, extremely unstealthy
A: permanent stasis, dig shafts and tunnels, four strong arms, antennae 3
a: Dig, Shaft Self, Divine Shield, Renounce Religion


You were on level 10 of the Dungeon.
You worshipped the Shining One.
The Shining One was most pleased with you.
You were not hungry.

You visited 1 branch of the dungeon, and saw 10 of its levels.

You collected 779 gold pieces.
You spent 249 gold pieces at shops.

Inventory:

Hand Weapons
 K - a +0 battleaxe (weapon)
Missiles
 m - 81 bolts
 R - a silver tomahawk (quivered)
Armour
 c - a +0 shield (worn)
 p - a +0 pair of boots (worn)
 L - a +0 plate armour (worn)
Jewellery
 d - a ring of poison resistance (left hand)
 g - an uncursed ring of ice
 k - a +5 ring of protection (right hand)
 M - a cursed ring of teleportation {unknown}
 P - an uncursed amulet of dismissal {unknown}
Wands
 a - a wand of iceblast (5/15)
 q - a wand of flame (27/48)
 y - a wand of confusion (26/48)
 H - a wand of teleportation (4/9)
 V - a wand of lightning (4/15)
Scrolls
 b - a scroll of silence {unknown}
 e - 4 scrolls of remove curse {unknown}
 h - 7 scrolls of identify
 n - 3 scrolls of fog {unknown}
 o - 4 scrolls of enchant armour
 t - 3 scrolls of immolation {unknown}
 w - 2 scrolls of enchant weapon {unknown}
 B - a scroll of holy word {unknown}
 I - 2 scrolls of magic mapping {unknown}
 J - a scroll of teleportation {unknown}
 S - a scroll of amnesia {unknown}
 W - a scroll of summoning {unknown}
Potions
 j - 2 potions of lignification {unknown}
 l - 7 potions of curing
 r - a potion of brilliance {unknown}
 u - 2 potions of invisibility {unknown}
 v - 5 potions of flight {unknown}
 x - a potion of mutation {unknown}
 z - 4 potions of heal wounds
 A - a potion of cancellation {unknown}
 C - 3 potions of ambrosia {unknown}
 D - a potion of degeneration {unknown}
 F - a potion of might
 G - 2 potions of resistance {unknown}
 N - a potion of agility {unknown}
 Q - a potion of haste {unknown}
 U - a potion of cure mutation {unknown}
Books
 E - a book of Enchantments

   Spells                             Type                      Level
   a - Cause Fear                     Hexes                        4
   b - Yara's Violent Unravelling     Hexes/Transmutation          5
   c - Silence                        Hexes/Air                    5
   d - Deflect Missiles               Charms/Air                   6
   e - Haste                          Charms                       6
   f - Discord                        Hexes                        8
Comestibles
 f - 8 bread rations
 i - 3 meat rations
 s - 2 beef jerkies
 O - 9 slices of pizza
 T - a royal jelly


   Skills:
 + Level 8.0 Fighting
 + Level 8.1 Axes
 + Level 7.6 Armour
 + Level 4.2 Dodging
 + Level 0.6 Stealth
 + Level 8.5 Shields


You had 9 spell levels left.
You didn't know any spells.

Dungeon Overview and Level Annotations

Branches:
Dungeon (10/15)            Temple (0/1) D:7             Orc (0/2) D:9
   Lair: D:8-11

Altars:
Fedhas
Hepliaklqana
Makhleb
Pakellas
Qazlal
Ru
Vehumet
Yredelemnul
Zin
The Shining One

Shops:
D:7 **(:   D:10 (

Annotations:
D:5 Shenda's ghost, amateur GrFi


Innate Abilities, Weirdness & Mutations

You are under a permanent stasis effect.
You can dig through walls and to a lower floor.
Your four strong arms can wield two-handed weapons with a shield.
You have a pair of large antennae on your head. (SInv)


Message History

You block the hill giant's attack.
You hit the hill giant.
The hill giant is lightly wounded.
The hill giant closely misses you.
You slash the hill giant!
The hill giant is lightly wounded.
The hill giant hits you with a giant club.
You completely miss the hill giant.
The hill giant is lightly wounded.
The hill giant hits you with a giant club!!!
You hit the hill giant.
The hill giant is moderately wounded.
The hill giant completely misses you.
You slice the hill giant!!
The hill giant is severely wounded.
The hill giant hits you with a giant club!
You slash the hill giant!
The hill giant is almost dead.
The hill giant hits you with a giant club!!
You die...

########## #........#
#........# #........#
############........#
#....C@.............#
#..##########...<....#
#####..### ##.#####
#######.....#
#...........#
##.......###.#.....#
###.......####.#.....#
............ . #.#####


You could see a hill giant.

Vanquished Creatures
  A troll (D:9)
  2 vampires (D:9)
  Eustachio (D:6)
  A hippogriff (D:7)
  An ice beast (D:5)
  4 orc warriors
  2 necrophages
  2 ogres
  3 centaurs
  A big kobold (D:10)
  Blork the orc (D:4)
  5 giant frogs
  3 scorpions
  3 killer bees (D:7)
  3 wights (D:7)
  A howler monkey (D:4)
  2 crimson imps
  A quasit (D:5)
  2 giant frog zombies
  7 hounds
  A jelly (D:8)
  A wasp zombie (D:8)
  A giant frog skeleton (D:6)
  5 orc priests
  A centaur skeleton (D:9)
  5 orc wizards
  2 iguanas
  5 worker ants
  A hound skeleton (D:8)
  6 gnolls
  13 adders
  5 shadow imps
  An ooze (D:3)
  An adder skeleton (D:5)
  2 worms
  4 giant geckos
  55 orcs
  5 bats
  4 giant cockroaches
  6 goblins
  8 hobgoblins
  11 jackals
  4 kobolds
  7 quokkas
  3 ball pythons (D:5)
  9 giant newts
  A quokka skeleton (D:9)
  8 rats
221 creatures vanquished.

Vanquished Creatures (others)
  A goblin (D:3)
  2 rats (D:3)
3 creatures vanquished.

Grand Total: 224 creatures vanquished

Notes
Turn   | Place    | Note
-------+----------+-------------------------------------------
     0 | D:1      | Gagarin the Formicid Fighter began the quest for the Orb.
     0 | D:1      | Reached XP level 1. HP: 18/18 MP: 1/1
   233 | D:1      | Reached XP level 2. HP: 24/24 MP: 2/2
   622 | D:2      | Reached XP level 3. HP: 12/30 MP: 3/3
  1099 | D:2      | Found a glowing golden altar of the Shining One.
  1103 | D:2      | Found an oddly glowing altar of Pakellas.
  1161 | D:2      | Became a worshipper of the Shining One
  1177 | D:2      | Found a burning altar of Makhleb.
  1179 | D:2      | Noticed a balrug
  1210 | D:2      | Reached XP level 4. HP: 26/37 MP: 4/4
  1526 | D:3      | Reached XP level 5. HP: 30/42 MP: 5/5
  1531 | D:3      | Reached skill level 1 in Dodging
  1902 | D:3      | Found a radiant altar of Vehumet.
  2722 | D:4      | Reached skill level 5 in Shields
  2722 | D:4      | Reached XP level 6. HP: 46/48 MP: 6/6
  3134 | D:4      | Noticed Blork the orc
  3142 | D:4      | Killed Blork the orc
  3393 | D:4      | Reached XP level 7. HP: 48/55 MP: 7/7
  3497 | D:5      | Entered Level 5 of the Dungeon
  3561 | D:5      | Reached * piety under the Shining One
  3613 | D:5      | Reached skill level 5 in Fighting
  3668 | D:5      | Reached skill level 5 in Armour
  3856 | D:5      | Reached XP level 8. HP: 50/62 MP: 8/8
  4040 | D:5      | Noticed Shenda's ghost (amateur GrFi)
  4416 | D:6      | Found a blossoming altar of Fedhas.
  4420 | D:6      | Noticed Eustachio
  4442 | D:6      | Killed Eustachio
  4442 | D:6      | Reached skill level 5 in Axes
  5651 | D:7      | Reached XP level 9. HP: 53/69 MP: 9/9
  5666 | D:7      | Found Poal's Book Shoppe.
  5739 | D:7      | Found Efapp's General Store.
  5743 | D:7      | Bought a potion of curing for 39 gold pieces
  5748 | D:7      | Found Attux's General Store.
  5756 | D:7      | Bought 2 potions of heal wounds for 120 gold pieces
  5756 | D:7      | Bought a scroll of enchant armour for 90 gold pieces
  5757 | D:7      | Found a stormy altar of Qazlal.
  5760 | D:7      | Reached ** piety under the Shining One
  6095 | D:7      | Found Exzefef's Antique Weapon Emporium.
  6137 | D:7      | Found a staircase to the Ecumenical Temple.
  6754 | D:8      | Found a basalt altar of Yredelemnul.
  7164 | D:8      | Reached *** piety under the Shining One
  7164 | D:8      | Reached XP level 10. HP: 79/79 MP: 10/10
  7668 | D:9      | Found a sacrificial altar of Ru.
  7985 | D:9      | Found a burning altar of Makhleb.
  8026 | D:9      | Found a glowing silver altar of Zin.
  8080 | D:9      | Found a hazy altar of Hepliaklqana.
  8382 | D:9      | Found a staircase to the Orcish Mines.
  8436 | D:10     | Entered Level 10 of the Dungeon
  8479 | D:10     | Found Wicau's Weapon Shop.
  8509 | D:10     | Noticed a hill giant
  8520 | D:10     | Slain by a hill giant

Vault maps used:
D:1:      scummos_arrival_simple_crosswalls, kennysheep_decorative_pillar
D:2:      grunt_temple_overflow_open, makhleb_altar_promises_db
D:3:      fiery_altar_vehumet
D:4:      first_bread, uniq_blork_the_orc
D:6:      fedhas_altar_1, st_stairs_3, nrook_loot_triangle, uniq_eustachio
D:7:      nicolae_qazlal_style_of_elements, serial_shops,
          nicolae_shop_temple_entry_statues_fountains, nicolae_shop_trees,
          shop_statue, nicolae_shop_behind_doors
D:8:      basic_altar, grunt_pizzeria
D:9:      lemuel_round_altar, nicolae_ru_the_path_less_chosen,
          lemuel_crystal_altar, kennysheep_little_box, hiddenorc1_lemuel
D:10:     basic_altar, serial_shops, kennysheep_mini

Skill      XL: |  1  2  3  4  5  6  7  8  9 10 |
---------------+-------------------------------+-----
Shields        | 4 5 6 7 8 |  8.5
Armour         | 4 5 6 7 |  7.6
Dodging        | 1 2 3 4 |  4.2
Fighting       | 4 5 6 7 8 |  8.0
Axes           | 3 4 5 7 8 |  8.1
Stealth        | |  0.6

Action                   |  1- 3 |  4- 6 |  7- 9 | 10-12 || total
-------------------------+-------+-------+-------+-------++-------
Melee: War axe           |   104 |   156 |   174 |       ||   434
       Battleaxe         |       |       |   116 |   106 ||   222
  Use: Potion            |       |     1 |       |       ||     1
       Scroll            |       |       |     2 |       ||     2
  Eat: Chunk             |     1 |     7 |    13 |     4 ||    25
Armor: Scale mail        |    43 |    69 |    72 |       ||   184
       Plate armour      |       |       |    81 |    73 ||   154
Dodge: Dodged            |    44 |    55 |   113 |    32 ||   244
Block: Shield            |    64 |    99 |   174 |    65 ||   402
